 Dungeon Crawl Stone Soup version 0.25.1-9-gc5326a611f (webtiles) character file.

Game seed: 18373657396289009980

3766 DumpfeFlamme the Basher (level 9, 82/82 HPs)
             Began as a Minotaur Berserker on Aug 14, 2021.
             Was a High Priest of Trog.
             Quit the game on level 8 of the Dungeon on Aug 17, 2021.
             The game lasted 00:16:51 (7363 turns).

DumpfeFlamme the Basher (Minotaur Berserker)        Turns: 7363, Time: 00:16:51

Health: 82/82      AC:  7    Str: 22    XL:     9   Next: 94%
Magic:  8/8        EV: 16    Int:  4    God:    Trog [*****.]
Gold:   446        SH:  0    Dex: 13    Spells: 8/8 levels left

rFire    . . .     SeeInvis .   u - +2 dire flail (holy)
rCold    . . .     Gourm    .   (shield currently unavailable)
rNeg     . . .     Faith    .   d - +3 leather armour {MR+}
rPois    .         Spirit   .   (helmet restricted)
rElec    .         Reflect  .   (no cloak)
rCorr    .         Harm     .   (no gloves)
MR       +....                  (no boots)
Stlth    +.........             (no amulet)
HPRegen  0.23/turn              (no ring)
MPRegen  0.11/turn              (no ring)

@: no status effects
A: retaliatory headbutt, horns 2
a: Berserk, Trog's Hand, Brothers in Arms, Renounce Religion


You were on level 8 of the Dungeon.
You worshipped Trog.
Trog was extremely pleased with you.
You were not hungry.

You visited 1 branch of the dungeon, and saw 8 of its levels.
You also visited: Sewer.

You collected 446 gold pieces.

Inventory:

Hand Weapons
 u - a +2 dire flail of holy wrath (weapon)
 B - a +2 flail of protection
Missiles
 k - 20 poisoned darts (quivered)
Armour
 d - a +3 leather armour of magic resistance (worn)
 n - a +1 ring mail
Jewellery
 l - an uncursed amulet of the acrobat
 E - an uncursed amulet of regeneration {unknown}
Wands
 q - a wand of disintegration (14)
 v - a wand of iceblast (8)
 x - a wand of flame (19)
 y - a wand of random effects (14)
 D - a wand of acid (8)
Scrolls
 a - a scroll of enchant armour
 b - 2 scrolls of enchant weapon
 h - 4 scrolls of teleportation
 r - 7 scrolls of identify
 t - 6 scrolls of remove curse
 C - a scroll of fear
 F - a scroll of vulnerability {unknown}
Potions
 e - 2 potions of berserk rage
 f - 2 potions of magic {unknown}
 g - 5 potions of flight
 i - a potion of curing {unknown}
 j - a potion of stabbing {unknown}
 m - 2 potions of heal wounds
 o - 2 potions of lignification {unknown}
 p - a potion of invisibility {unknown}
 s - 2 potions of mutation {unknown}
 w - 2 potions of haste {unknown}
 A - 2 potions of might {unknown}
Comestibles
 c - 10 rations
 z - a chunk of flesh


   Skills:
 + Level 8.5 Fighting
 * Level 11.3 Maces & Flails
 + Level 8.0 Armour
 + Level 7.3 Dodging


You had 8 spell levels left.
You didn't know any spells.
Your spell library was empty.

Dungeon Overview and Level Annotations

Branches:
Dungeon (8/15)             Temple (0/1) D:7           Sewer (visited)
   Lair: D:8-11

Altars:
Ashenzari
Cheibriados
Dithmenos
Elyvilon
Fedhas
Gozag
Hepliaklqana
Ru
Uskayaw
Wu Jian
Xom
Yredelemnul
Zin


Innate Abilities, Weirdness & Mutations

You reflexively headbutt those who attack you in melee.
You have a pair of horns on your head.


Message History

Found a blossoming altar of Fedhas.
You hear the slow hiss of a very distant avalanche of sand.
The water moccasin skeleton is too close now for your liking.
The water moccasin skeleton misses you. You furiously retaliate!
You headbutt the water moccasin skeleton.
You puncture the water moccasin skeleton!
The water moccasin skeleton convulses.
You headbutt the water moccasin skeleton!
The water moccasin skeleton is almost destroyed.
The water moccasin skeleton completely misses you.
You puncture the water moccasin skeleton!
You destroy the water moccasin skeleton!
Trog accepts your kill.
Saving game... please wait.
You hear the hiss of flowing sand.
There is an entrance to an ossuary on this level.
Hurry and find it before the portal is buried!
Welcome back, DumpfeFlamme the Minotaur Berserker.
Trog says: Kill them all!
Press ? for a list of commands and other information.
Are you sure you want to abandon this character and quit the game? (Confirm with "yes".)

######.###......###..###.#
. ##.# #..#.#..##..###.# #.
#..# ##.#........PPP.#
#..## #.## #.####.....PP.P#
#..####.# #.# ##...PP_PP#
###......# #..####.#.PPPPP#
....##..####
##.#....#..PPP...
#........##
#...#.........#.
#......#..###.@........#.#.
#.#....................#.#
###...##.###...###.#######
....##.........# #.#
...###..)....... #.# .###
#.........# ..# ##
#.........# .. #
####.#.#### .#.#


There were no monsters in sight!

Vanquished Creatures
  A two-headed ogre (D:5)
  Eustachio (D:4)
  A hungry ghost (D:8)
  Edmund (D:4)
  A water moccasin (D:6)
  An orc warrior (D:7)
  An ice beast (D:7)
  2 centaurs
  3 ogres
  A crocodile (Sewer)
  4 bullfrogs
  A gnoll sergeant (D:7)
  4 scorpions
  A water moccasin skeleton (D:8)
  8 wights (D:6)
  3 crimson imps
  A bullfrog zombie (D:5)
  2 jellies
  3 orc priests
  3 hounds
  A bullfrog skeleton (D:6)
  3 iguanas
  8 orc wizards
  2 worker ants
  A hound skeleton (D:6)
  10 gnolls
  7 adders
  A shadow imp (D:3)
  2 oozes (D:4)
  3 adder skeletons
  4 dart slugs
  3 leopard geckos
  32 orcs
  11 giant cockroaches
  6 goblins
  6 hobgoblins
  9 jackals
  15 kobolds
  3 quokkas
  A ball python (D:3)
  6 bats
  4 frilled lizards
  A quokka zombie (D:6)
  10 rats
192 creatures vanquished.

Notes
Turn   | Place    | Note
-------+----------+-------------------------------------------
     0 | D:1      | DumpfeFlamme the Minotaur Berserker began the quest for the
                  | Orb.
     0 | D:1      | Reached XP level 1. HP: 19/19 MP: 0/0
    73 | D:1      | Reached skill level 4 in Maces & Flails
    73 | D:1      | Reached XP level 2. HP: 24/27 MP: 1/1
   916 | D:1      | Reached XP level 3. HP: 33/33 MP: 2/2
   949 | D:1      | Reached ** piety under Trog
  1604 | D:2      | Reached XP level 4. HP: 40/40 MP: 3/3
  2057 | D:3      | Found a basalt altar of Yredelemnul.
  2092 | D:3      | Reached skill level 5 in Maces & Flails
  2111 | D:3      | Reached XP level 5. HP: 45/47 MP: 4/4
  2280 | D:3      | Found a snail-covered altar of Cheibriados.
  2680 | D:3      | Found a glowing drain.
  2688 | Sewer    | Entered a sewer
  2705 | Sewer    | Reached *** piety under Trog
  2752 | Sewer    | Noticed a crocodile
  2759 | Sewer    | Killed a crocodile
  2759 | Sewer    | Reached skill level 6 in Maces & Flails
  2759 | Sewer    | Reached XP level 6. HP: 55/55 MP: 5/5
  2906 | D:3      | Reached skill level 5 in Fighting
  2921 | D:3      | Found a shadowy altar of Dithmenos.
  3314 | D:4      | Noticed Edmund
  3320 | D:4      | Killed Edmund
  3464 | D:4      | Found an ornate altar of the Wu Jian Council.
  3510 | D:4      | Reached XP level 7. HP: 60/61 MP: 6/6
  3560 | D:4      | Noticed Eustachio
  3585 | D:4      | Killed Eustachio
  3585 | D:4      | Reached skill level 7 in Maces & Flails
  3640 | D:4      | Found a glowing silver altar of Zin.
  3778 | D:5      | Entered Level 5 of the Dungeon
  3810 | D:5      | Found a shattered altar of Ashenzari.
  3816 | D:5      | Reached skill level 5 in Armour
  4309 | D:5      | Found a hide-covered altar of Uskayaw.
  4329 | D:5      | Noticed a two-headed ogre
  4337 | D:5      | Killed a two-headed ogre
  4337 | D:5      | Reached **** piety under Trog
  4337 | D:5      | Reached skill level 9 in Maces & Flails
  4337 | D:5      | Reached skill level 5 in Dodging
  4337 | D:5      | Reached XP level 8. HP: 71/71 MP: 7/7
  5367 | D:6      | Reached XP level 9. HP: 74/79 MP: 8/8
  5530 | D:6      | Found an opulent altar of Gozag.
  5582 | D:6      | Reached skill level 10 in Maces & Flails
  5981 | D:6      | Found a shimmering altar of Xom.
  5982 | D:6      | Found a hazy altar of Hepliaklqana.
  5983 | D:6      | Noticed a spectral ugly thing
  6397 | D:7      | Found a white marble altar of Elyvilon.
  6927 | D:7      | Found a sacrificial altar of Ru.
  6955 | D:7      | Reached ***** piety under Trog
  6957 | D:7      | Found a staircase to the Ecumenical Temple.
  7002 | D:7      | Reached skill level 11 in Maces & Flails
  7350 | D:8      | Found a blossoming altar of Fedhas.
  7363 | D:8      | Quit the game

Illustrated notes

Levels and vault maps discovered:
D:1:      lightli_iron_boxes, layout_basic, st_stairs_7,
          chequers_serial_rivers_large_a, minmay_close_crescents
D:2:      lemuel_upstairs_altar, layout_loops_ring, minmay_worlds_worst_comb
D:3:      layout_basic, overflow_temple_1_default,
          nicolae_dithmenos_shadow_blocks, lemuel_crystal_altar,
          portal_sewer_entry_e, first_ration
D:4:      minmay_spotlight, layout_loops_ring, kennysheep_little_box,
          lemuel_coloured_pillars_altar, uniq_edmund, uniq_eustachio
D:5:      layout_basic, cheibrodos_ashenzari_chains, old_standard_altar,
          hangedman_abyss_or_decor_passed
D:6:      layout_loops_ring, regret_index_temple_of_mockery,
          nicolae_gozag_cash_rules_everything_around_me, corexii_corridor_pit,
          hangedman_decor_diamond_cutter
D:7:      layout_basic, nicolae_ru_sacrificial_ziggurat, marbit_many_paths,
          minmay_temple_entry_mini_moons
D:8:      layout_rooms, fedhas_altar_3, nicolae_ossuary_entry_false_entrances,
          uniq_gastronok, uniq_grum

Skill      XL: |  1  2  3  4  5  6  7  8  9 |
---------------+----------------------------+-----
Maces & Flails | 4 5 6 9 11 | 11.3
Fighting       | 4 5 6 7 8 |  8.5
Armour         | 3 4 6 8 |  8.0
Dodging        | 3 4 5 6 7 |  7.3

Action                   |  1- 3 |  4- 6 |  7- 9 || total
-------------------------+-------+-------+-------++-------
Melee: Mace              |    60 |   111 |       ||   171
       Headbutt          |    11 |    28 |    50 ||    89
       Dire flail        |       |     6 |   220 ||   226
Throw: Dart              |       |     4 |     3 ||     7
Invok: Berserk           |     2 |     3 |     4 ||     9
  Use: Scroll            |     8 |     5 |     1 ||    14
 Stab: Sleeping          |       |       |     1 ||     1
  Eat: Chunk             |     4 |     8 |    17 ||    29
Armor: Animal skin       |     1 |       |       ||     1
       Leather armour    |     2 |       |    19 ||    21
       Ring mail         |    18 |    29 |     7 ||    54
Dodge: Dodged            |    57 |    62 |   124 ||   243
